 Dungeon Crawl Stone Soup version 0.22-a0-601-gb0ed703 (webtiles) character file.

552 Hebeh the Chopper (level 7, -9/61 HPs)
             Began as a Minotaur Fighter on July 6, 2018.
             Splashed by an orc wizard's acid (13 damage)
             ... on level 5 of the Dungeon.
             The game lasted 00:07:47 (3380 turns).

Hebeh the Chopper (Minotaur Fighter)                Turns: 3380, Time: 00:07:51

Health: -9/61      AC:  8    Str: 23    XL:     7   Next: 8%
Magic:  6/6        EV:  7    Int:  5    God:
Gold:   269        SH: 10    Dex:  9    Spells: 6/6 levels left

rFire    . . .     SeeInvis .   a - +0 war axe
rCold    . . .     Gourm    .   c - +0 shield
rNeg     . . .     Faith    .   w - +0 scale mail
rPois    .         Spirit   .   (helmet restricted)
rElec    .         Reflect  .   (no cloak)
rCorr    .         Harm     .   (no gloves)
MR       .....                  D - +0 pair of boots
Stlth    ..........             (no amulet)
HPRegen  0.20/turn              (no ring)
MPRegen  0.10/turn              (no ring)

@: no status effects
A: retaliatory headbutt, horns 2
a: no special abilities


You were on level 5 of the Dungeon.
You were not hungry.

You visited 1 branch of the dungeon, and saw 5 of its levels.

You collected 269 gold pieces.

Inventory:

Hand Weapons
 a - a +0 war axe (weapon)
 b - a +0 hunting sling
Missiles
 e - 143 stones
 m - 5 poisoned javelins (quivered)
 n - 20 sling bullets
Armour
 c - a +0 shield (worn)
 w - a +0 scale mail (worn)
 D - a +0 pair of boots (worn)
Wands
 t - a wand of iceblast (5)
Scrolls
 h - 6 scrolls of identify {unknown}
 i - 3 scrolls of remove curse {unknown}
 j - 2 scrolls of random uselessness {unknown}
 k - 2 scrolls of immolation {unknown}
 l - 2 scrolls of magic mapping {unknown}
 q - a scroll of fear {unknown}
 r - a scroll of amnesia {unknown}
 u - 3 scrolls of blinking {unknown}
 y - a scroll of teleportation {unknown}
 B - a scroll of enchant armour {unknown}
Potions
 d - a potion of might
 g - a potion of brilliance {unknown}
 o - a potion of agility {unknown}
 p - a potion of curing {unknown}
 s - a potion of mutation {unknown}
 v - a potion of heal wounds {unknown}
 x - a potion of flight {unknown}
 z - 2 potions of haste
 A - a potion of berserk rage {unknown}
 C - a potion of lignification {unknown}
Comestibles
 f - 7 rations
 E - 2 chunks of flesh


   Skills:
 + Level 5.1 Fighting
 * Level 5.8 Axes
 + Level 2.4 Throwing
 + Level 5.2 Armour
 + Level 5.2 Shields


You had 6 spell levels left.
You didn't know any spells.
Your spell library was empty.

Dungeon Overview and Level Annotations

Branches:
Dungeon (5/15)             Temple (0/1) D:5

Altars:
Xom
Zin


Innate Abilities, Weirdness & Mutations

You reflexively headbutt those who attack you in melee.
You have a pair of horns on your head.


Message History

You kill the orc!
The orc wizard hits you but does no damage. x2
You closely miss the orc wizard.
The orc wizard is almost dead.
You hit the orc but do no damage.
The orc wizard mumbles some strange words.
The orc wizard flickers and vanishes!
Deactivating autopickup; reactivate with Ctrl-A.
You block the orc's attack. You block something's attack.
You miss something. You closely miss the orc.
Something hits you but does no damage. The orc hits you but does no damage.
You block something's attack. You block the orc's attack.
You hit something but do no damage. You slash the orc!
You kill the orc!
You hear a zap.
A bolt of acid appears from out of thin air!
The bolt of acid hits you!
* * * LOW HITPOINT WARNING * * *
You are splashed with acid!
The acid burns!
You die...

....# ....#
######
....####....#
............##
##.÷.........#
#.......###'###
#...÷...#.....#
#.......#.⌠.⌠.###
#.......'..>..{@#
#.......#.⌠.⌠.#)#
+.......#.....#o#
#.......###'###o#
#.......# #.# #o#
..####### #.


.oo #. ..o.. ....... ........o You could see an orc wizard and 5 orcs.

Vanquished Creatures
  Purgy (D:4)
  An ogre (D:5)
  A phantom (D:4)
  2 orc priests (D:3)
  A worker ant (D:4)
  A hound skeleton (D:5)
  Robin (D:4)
  5 adders
  An adder skeleton (D:4)
  3 worms
  3 dart slugs
  7 leopard geckos
  13 orcs
  5 giant cockroaches
  10 goblins
  12 hobgoblins
  3 jackals (D:1)
  2 quokkas
  2 ball pythons
  9 bats
  A frilled lizard (D:3)
  A jackal skeleton (D:5)
  6 kobolds
  9 rats
100 creatures vanquished.

Vanquished Creatures (others)
  A giant cockroach zombie (D:5)
1 creature vanquished.

Grand Total: 101 creatures vanquished

Notes
Turn   | Place    | Note
-------+----------+-------------------------------------------
     0 | D:1      | Hebeh the Minotaur Fighter began the quest for the Orb.
     0 | D:1      | Reached XP level 1. HP: 19/19 MP: 0/0
   325 | D:1      | Reached XP level 2. HP: 27/27 MP: 1/1
   730 | D:2      | Reached XP level 3. HP: 33/33 MP: 2/2
   950 | D:2      | Reached XP level 4. HP: 37/40 MP: 3/3
  1456 | D:3      | Reached skill level 1 in Throwing
  1469 | D:3      | Reached XP level 5. HP: 22/47 MP: 4/4
  2121 | D:3      | Found a faded altar of an unknown god.
  2142 | D:3      | Noticed an angel
  2143 | D:3      | Found a shimmering altar of Xom.
  2144 | D:3      | Found a glowing silver altar of Zin.
  2405 | D:4      | Noticed a phantom
  2418 | D:4      | Noticed Robin
  2424 | D:4      | Killed a phantom
  2424 | D:4      | Reached skill level 5 in Axes
  2424 | D:4      | Reached XP level 6. HP: 42/55 MP: 5/5
  2427 | D:4      | Killed Robin
  2817 | D:4      | Noticed Purgy
  2829 | D:4      | Killed Purgy
  2829 | D:4      | Reached skill level 5 in Fighting
  2829 | D:4      | Reached skill level 5 in Armour
  3045 | D:5      | Entered Level 5 of the Dungeon
  3052 | D:5      | Reached skill level 5 in Shields
  3052 | D:5      | Reached XP level 7. HP: 15/61 MP: 6/6
  3335 | D:5      | Found a staircase to the Ecumenical Temple.
  3380 | D:5      | Splashed by an orc wizard's acid

Vault maps used:
D:1:      matt_arrival_spirals, minivault_19, minmay_box_of_dots
D:3:      grunt_temple_overflow_order_and_chaos_1,
          chequers_ecumenical_altar_lobes
D:4:      first_ration, uniq_robin, uniq_purgy
D:5:      minmay_temple_entry_hall, kennysheep_generic_room_13

Skill      XL: |  1  2  3  4  5  6 |
---------------+-------------------+-----
Axes           | 3 4 5 |  5.8
Armour         | 4 5 |  5.2
Fighting       | 4 5 |  5.1
Shields        | 4 5 |  5.2
Throwing       | 1 2 |  2.4

Action                   |  1- 3 |  4- 6 |  7- 9 || total
-------------------------+-------+-------+-------++-------
Melee: War axe           |    94 |    93 |    37 ||   224
       Headbutt          |    10 |    15 |     1 ||    26
  Eat: Chunk             |       |     7 |       ||     7
       Ration            |       |       |     1 ||     1
Armor: Scale mail        |    66 |    37 |    19 ||   122
Dodge: Dodged            |    27 |    29 |    13 ||    69
Block: Shield            |    60 |    51 |    21 ||   132

Table legend:
 A = Spawn XP
 B = Non-spawn XP
 C = Spawn XP percentage of total XP
 D = Spawn monster count
 E = Non-spawn monster count
 F = Spawn count percentage of total count
 G = Total turns spent on level
                    A         B        C        D         E        F      G
               +---------+---------+-------+---------+---------+-------+---------
         Total |       0 |     789 |   0.0 |       0 |     100 |   0.0 |  3380
               +---------+---------+-------+---------+---------+-------+---------
           D:1 |       0 |      40 |   0.0 |       0 |      24 |   0.0 |   727
           D:2 |       0 |      78 |   0.0 |       0 |      20 |   0.0 |   410
           D:3 |       0 |     168 |   0.0 |       0 |      28 |   0.0 |  1196
           D:4 |       0 |     335 |   0.0 |       0 |      17 |   0.0 |   712
           D:5 |       0 |     168 |   0.0 |       0 |      11 |   0.0 |   335
               +---------+---------+-------+---------+---------+-------+---------
